Description

game 2 in the vod

Widowmine drop into 3 rax TvP Vod and build order are from WCS Challenger 2018 season 3 - EU Group B Uthermal vs Harstem game 2

VOD

https://www.twitch.tv/videos/296392923

Build Order

Get SALT Encoding   

  14  0:19  Supply Depot  
  16  0:41  Barracks  
  16  0:45  Refinery  
  19  1:28  Orbital Command  
  19  1:29  Reaper  
  20  1:41  Command Center  
  20  1:47  Supply Depot  
  20  1:54  SCV  
  21  2:01  Marine  
  23  2:09  Factory  
  23  2:14  Refinery  
  24  2:23  Barracks Reactor  
  26  2:51  Starport  
  26  2:52  Orbital Command  
  27  2:56  Widow Mine  
  29  3:00  Marine x2  
  33  3:19  Marine x2  
  32  3:18  SCV  
  36  3:21  Widow Mine  
  38  3:26  Supply Depot  
  41  3:34  Barracks  
  39  3:30  Medivac  
  41  3:37  Marine x2  
  44  3:42  Widow Mine  
  47  3:49  Barracks  
  47  3:54  Supply Depot  
  49  4:00  Marine x2  
  51  4:06  Engineering Bay  
  51  4:08  Factory Tech Lab, Starport Tech Lab  for barracks, for barracks
  53  4:14  Refinery  
  53  4:20  Supply Depot  
  57  4:26  Factory Reactor  
  57  4:28  Starport Reactor  
  57  4:31  Terran Infantry Weapons Level 1  around here the drop should hit
  56  4:44  Stimpack  
  56  4:45  Combat Shields  
  61  4:56  Bunker  
  67  5:13  Widow Mine x2  
  61  4:53  Supply Depot  
  67  5:07  Refinery  
  69  5:14  Medivac x2  
  71  5:28  Supply Depot  
  71  5:31  Marauder x2  
Spawning Tool Build Advisor. Get it on Overwolf

Analysis

Spoke to Uthermal in Twitch chat he thinks this build is pretty good

Notes:
- Supply depots timing don't matter a lot just don't get supply blocked
- Supply is different on each game depending if you lose units to your opponent or not so don't read too much into it
- Its up to you whether you want to go 3 cc or 5 rax 2 base all in/heavy pressure
- remember to get armor when +1 attack finishes, concussive shells 2nd ebay and armory if you are not going all in
- don't be like me, avoid supply blocks
- Always bm your oponnents /s

Go to:

Details

  • Created by: Lukebomber     
  • Published on: Aug 25, 2018
  • Modified on: Aug 25, 2018
  • Patch: 4.0.0
Show
View Real Time Build Order
Export as new Build Order

Comments (0)

There are no comments. Be the first!

Create an account to comment!